 Dungeon Crawl Stone Soup version 0.18.1-50-g88ac8fd (webtiles) character file.

197 lorenzova the Magician (level 5, 0/28 HPs)
             Began as a Deep Elf Conjurer on Oct 19, 2016.
             Slain by a scorpion (8 damage)
             ... on level 4 of the Dungeon.
             The game lasted 00:05:11 (3506 turns).

lorenzova the Magician (Deep Elf Conjurer)          Turns: 3506, Time: 00:05:12

Health: 0/28       AC:  2    Str:  5    XL:     5   Next: 46%
Magic:  1/15       EV: 13    Int: 21    God:
Gold:   132        SH:  0    Dex: 15    Spells: 2 memorised, 11 levels left

rFire  . . .     SeeInvis .     k - +0 hand axe (curse)
rCold  . . .     Gourm    .     a - +0 robe
rNeg   . . .     Faith    .     (no shield)
rPois  +         Spirit   .     (no helmet)
rElec  .         Dismiss  .     (no cloak)
rCorr  .         Reflect  .     (no gloves)
SustAt .         Harm     .     (no boots)
MR     .....                    n - amulet of rage
Stlth  ++........               (no ring)
                                s - ring of poison resistance

@: lethally poisoned (0 -> -3), not resistant to hostile enchantments,
unstealthy
A: no striking features
a: Evoke Berserk Rage


You were on level 4 of the Dungeon.
You were near starving.

You visited 1 branch of the dungeon, and saw 4 of its levels.

You collected 132 gold pieces.

Inventory:

Hand Weapons
 h - a +0 dagger
 k - a cursed +0 hand axe (weapon)
 v - a +1 dagger of speed
Armour
 a - a +0 robe (worn)
Jewellery
 n - an amulet of rage (around neck)
 s - a ring of poison resistance (left hand)
Scrolls
 d - 2 scrolls of recharging
 e - 2 scrolls of fog {unknown}
 l - 3 scrolls of identify
 m - 2 scrolls of amnesia
 o - a scroll of teleportation {unknown}
 q - a scroll of noise {unknown}
 t - a scroll of enchant weapon {unknown}
 u - 2 scrolls of magic mapping {unknown}
 w - a scroll of enchant armour {unknown}
 x - a scroll of fear {unknown}
 y - a scroll of remove curse {unknown}
Potions
 f - 2 potions of invisibility
 i - 2 potions of lignification {unknown}
 j - a potion of cancellation {unknown}
 p - 2 potions of curing {unknown}
 z - a potion of flight {unknown}
Books
 b - a book of Conjurations

   Spells                             Type                      Level
   a - Magic Dart                     Conjuration                  1
   b - Searing Ray                    Conjuration                  2
   c - Dazzling Spray                 Conjuration/Hexes            3
   d - Fulminant Prism                Conjuration/Hexes            4
   e - Iskenderun's Mystic Blast      Conjuration                  4
   f - Iskenderun's Battlesphere      Conjuration/Charms           5
Comestibles
 c - 3 bread rations
 g - a meat ration
 r - 9 fruits


   Skills:
 - Level 2.4 Dodging
 - Level 2.4 Stealth
 + Level 6.0 Spellcasting
 + Level 6.0 Conjurations


You had 11 spell levels left.
You knew the following spells:

 Your Spells              Type           Power        Failure   Level  Hunger
a - Magic Dart            Conj           ####         1%          1    None
b - Iskenderun's Mystic   Conj           ####....     10%         4    ####...


Dungeon Overview and Level Annotations

Branches:
Dungeon (4/15)
 Temple: D:4-7

Altars:
Ashenzari
Cheibriados
Kikubaaqudgha
Xom
Yredelemnul
The Shining One


Message History

You don't have enough magic to cast that spell.
A scorpion is nearby!
Casting: Magic Dart
Confirm with . or Enter, or press ? or * to list all spells.
You don't have enough magic to cast that spell.
You hit the scorpion but do no damage.
The scorpion is severely wounded.
You feel sick. The scorpion barely misses you.
You hit the scorpion but do no damage.
The scorpion is severely wounded.
The scorpion stings you.
You hit the scorpion but do no damage.
The scorpion is heavily wounded.
You feel sick. The scorpion stings you.
* * * LOW HITPOINT WARNING * * *
The scorpion closely misses you.
You hit the scorpion but do no damage.
The scorpion is heavily wounded.
The scorpion stings you!
You die...

#........^≈≈. .♣..
#.###....#... _..# . ..#
#....##.# _.≈# .. ..#
#....##≈_♣≈.# ..# ..#
##....###.≈# ....
.....#.....##^######.....
.....#........s........#
#....#.........##s...#..
.....#.........#@....#
.....##..)....###....#
.....##.......####......
.....##...###....#....#.#
..........#....#.......
..........#....#.......
...........#............
..........###........#.
..........# #........


You could see a scorpion.

Vanquished Creatures
  A hound (D:4)
  An orc wizard (D:3)
  A worker ant (D:4)
  5 adders
  An ooze (D:2)
  3 worms
  2 dart slugs (D:3)
  2 giant geckos (D:3)
  3 orcs (D:3)
  3 bats
  4 giant cockroaches
  7 goblins
  4 hobgoblins
  2 quokkas (D:3)
  A ball python (D:2)
  3 giant newts
  5 kobolds
  2 rats
50 creatures vanquished.

Notes
Turn   | Place    | Note
--------------------------------------------------------------
     0 | D:1      | lorenzova the Deep Elf Conjurer began the quest for the Orb.
     0 | D:1      | Reached XP level 1. HP: 10/10 MP: 6/6
   548 | D:1      | Reached XP level 2. HP: 15/15 MP: 4/8
   801 | D:2      | Found a basalt altar of Yredelemnul.
   904 | D:2      | Reached skill level 5 in Conjurations
   904 | D:2      | Reached XP level 3. HP: 19/19 MP: 6/10
  1979 | D:3      | Reached XP level 4. HP: 24/24 MP: 10/12
  1985 | D:3      | Learned a level 4 spell: Iskenderun's Mystic Blast
  2106 | D:3      | Found a snail-covered altar of Cheibriados.
  2107 | D:3      | Found an ancient bone altar of Kikubaaqudgha.
  2619 | D:3      | Reached skill level 5 in Spellcasting
  2700 | D:3      | Found a glowing golden altar of the Shining One.
  2779 | D:3      | Reached XP level 5. HP: 28/28 MP: 0/15
  2985 | D:3      | Found a shattered altar of Ashenzari.
  3238 | D:4      | Found a shimmering altar of Xom.
  3239 | D:4      | Found a shimmering altar of Xom.
  3239 | D:4      | Found a shimmering altar of Xom.
  3506 | D:4      | Slain by a scorpion

Skill      XL: |  1  2  3  4  5 |
---------------+----------------+-----
Spellcasting   | 4 5 6 |  6.0
Conjurations   | 5 6 |  6.0
Dodging        | |  2.4
Stealth        | |  2.4

Action                   |  1- 3 |  4- 6 || total
-------------------------+-------+-------++-------
Melee: Hand axe          |     2 |     4 ||     6
 Cast: Magic Dart        |    69 |    60 ||   129
       Iskenderun's Myst |       |     7 ||     7
  Use: Scroll            |     3 |       ||     3
  Eat: Chunk             |     3 |     3 ||     6
       Fruit             |       |     1 ||     1
Armor: Robe              |     5 |     1 ||     6
Dodge: Dodged            |     3 |     8 ||    11
